 Dungeon Crawl Stone Soup version 0.29-a0-334-gb41bcbb86e (webtiles) character file.

Game seed: 15193250276073264276

1258 dolemite99 the Digger (level 8, -5/58 HPs)
             Began as a Gnoll Earth Elementalist on Apr 16, 2022.
             Was a Priest of Sif Muna.
             Slain by Edmund
             ... wielding a +8 flail of distortion
              (14 damage)
             ... on level 4 of the Dungeon.
             The game lasted 00:09:41 (6133 turns).

dolemite99 the Digger (Gnoll Earth Elementalist)    Turns: 6133, Time: 00:09:41

Health: -5/58      AC:  5    Str:  7    XL:     8   Next: 51%
Magic:  12/26      EV: 13    Int: 22    God:    Sif Muna [***...]
Gold:   90         SH:  0    Dex: 13    Spells: 14/19 levels left

rFire   . . .      SeeInvis .   a - +0 dagger (venom)
rCold   . . .      Faith    .   f - orb {light}
rNeg    + + .      Spirit   .   m - +0 leather armour {rPois}
rPois   +          Reflect  .   d - +0 helmet "Tahe" {rN+ Int+5}
rElec   .          Harm     .   g - +0 cloak
rCorr   .          Rampage  .   (no gloves)
Will    .....                   (no boots)
Stlth   +.........              (no amulet)
HPRegen 0.19/turn               i - ring of positive energy
MPRegen 0.20/turn               e - ring of magical power

@: glowing
A: fangs 1, strong nose, distributed training
a: Renounce Religion, Channel Magic, Forget Spell


You were on level 4 of the Dungeon.
You worshipped Sif Muna.
Sif Muna was most pleased with you.
You visited 1 branch of the dungeon, and saw 4 of its levels.
You also visited: Sewer.

You collected 173 gold pieces.
You spent 83 gold pieces at shops.

Inventory:

Hand Weapons
 a - a +0 dagger of venom (weapon)
 b - a +0 hand crossbow
 l - a +2 dagger of freezing
 p - a +0 quarterstaff
 v - a +1 spear of freezing
Missiles
 o - 5 poisoned darts
Armour
 d - the +0 helmet "Tahe" (worn) {rN+ Int+5}
   (You took it off Robin on level 2 of the Dungeon)

   Int:       It affects your intelligence (+5).
   rN:        It protects you from negative energy.
 f - an orb of light (worn)
 g - a +0 cloak (worn)
 m - a +0 leather armour of poison resistance (worn)
Jewellery
 e - a ring of magical power (right hand)
 i - a ring of positive energy (left hand)
 x - a ring of protection from fire
 y - a +6 ring of strength
Scrolls
 q - 2 scrolls of teleportation
 w - a scroll of amnesia
Potions
 c - a potion of brilliance
 h - 4 potions of curing
 j - 5 potions of attraction
 k - a potion of haste
 n - a potion of flight
 r - 3 potions of magic
 s - a potion of mutation {unknown}
 t - a potion of experience {unknown}
 u - a potion of might


   Skills:
 + Level 3.3 Fighting
 + Level 3.3 Short Blades
 + Level 3.3 Long Blades
 + Level 3.3 Axes
 + Level 3.3 Maces & Flails
 + Level 3.3 Polearms
 + Level 3.3 Staves
 + Level 3.3 Slings
 + Level 3.3 Bows
 + Level 3.3 Crossbows
 + Level 3.3 Throwing
 + Level 3.3 Armour
 + Level 5.7 Dodging
 + Level 5.4 Stealth
 + Level 3.3 Shields
 + Level 3.3 Unarmed Combat
 + Level 6.1 Spellcasting
 + Level 2.7 Conjurations
 + Level 2.7 Hexes
 + Level 2.7 Summonings
 + Level 2.7 Necromancy
 + Level 2.7 Translocations
 + Level 3.5 Transmutations
 + Level 2.7 Fire Magic
 + Level 2.7 Ice Magic
 + Level 2.7 Air Magic
 + Level 6.1 Earth Magic
 + Level 2.7 Poison Magic
 + Level 3.6 Invocations
 + Level 3.3 Evocations


You had 14 spell levels left.
You knew the following spells:

 Your Spells              Type           Power      Damage    Failure   Level
b - Stone Arrow           Conj/Erth      52%        3d10      6%          3
c - Passwall              Tmut/Erth      23%        N/A       2%          2

Your spell library contained the following spells:

 Spells                   Type           Power      Damage    Failure   Level
 Sandblast                Erth           66%        2d15      1%          1
 Sublimation of Blood     Necr           18%        N/A       6%          2
 Petrify                  Tmut/Erth      28%        N/A       19%         4
 Irradiate                Conj/Tmut      10%        3d16      71%         5


Dungeon Overview and Level Annotations

Branches:
Dungeon (4/15)              Sewer (visited)
 Temple: D:4-7

Altars:
Makhleb
Qazlal
Sif Muna

Shops:
D:2 :   D:4 :(

Annotations:
D:4 Edmund


Innate Abilities, Weirdness & Mutations

You have very sharp teeth.
Your uncanny sense of smell can sniff out nearby items.
Your experience applies equally to all skills.


Message History

Press: ? - help, Shift-Dir - straight line, f - Edmund
Aim: Edmund, wielding a +8 flail of distortion and wearing a +0 ring mail (haloed, 83% to hit)
The stone arrow misses Edmund.
Edmund mutters, "Who needs spells, anyway?"
Casting: Stone Arrow (dangerous; 6% risk of failure)
Confirm with . or Enter, or press ? or * to list all spells.
Aiming: Stone Arrow (dangerous; 6% risk of failure)
Press: ? - help, Shift-Dir - straight line, f/p - Edmund
Aim: Edmund, wielding a +8 flail of distortion and wearing a +0 ring mail (haloed, 83% to hit)
The stone arrow hits Edmund!
Edmund is lightly wounded.
Edmund hits you with a +8 flail of distortion!
Casting: Stone Arrow (dangerous; 6% risk of failure)
Confirm with . or Enter, or press ? or * to list all spells.
Aiming: Stone Arrow (dangerous; 6% risk of failure)
Press: ? - help, Shift-Dir - straight line, f/p - Edmund
Aim: Edmund, wielding a +8 flail of distortion and wearing a +0 ring mail (lightly wounded, haloed, 83% to hit)
The stone arrow hits Edmund.
Edmund is moderately wounded.
Edmund hits you with a +8 flail of distortion!
Space warps horribly around you! The kobold closely misses you.
Casting: Stone Arrow (dangerous; 6% risk of failure)
Confirm with . or Enter, or press ? or * to list all spells.
Aiming: Stone Arrow (dangerous; 6% risk of failure)
Press: ? - help, Shift-Dir - straight line, f/p - Edmund
Aim: Edmund, wielding a +8 flail of distortion and wearing a +0 ring mail (moderately wounded, haloed, 83% to hit)
The stone arrow hits Edmund!
Edmund is heavily wounded.
Edmund barely misses you. The kobold closely misses you.
Casting: Stone Arrow (dangerous; 6% risk of failure)
Confirm with . or Enter, or press ? or * to list all spells.
Aiming: Stone Arrow (dangerous; 6% risk of failure)
Press: ? - help, Shift-Dir - straight line, f/p - Edmund
Aim: Edmund, wielding a +8 flail of distortion and wearing a +0 ring mail (heavily wounded, haloed, 83% to hit)
The stone arrow hits Edmund!
Edmund is severely wounded.
Edmund hits you with a +8 flail of distortion!
* * * LOW HITPOINT WARNING * * *
Space warps horribly around you!
You die...

.......# ...K.....
.......# #........
......## ##........
.....## ######..#....##
†...## ##..##..## .###
...## ##......## # ...#
#........## ####
#.......K@### #
##.......@..##
##†.........#
#########...........#
#.##....†............#
.......####..........#
.......#####..........#
.....)...####........##
.).)......####..#..###
.......)...####..###


You could see Edmund and a kobold.

Vanquished Creatures
  Grinder (D:3)
  Sigmund (D:3)
  2 phantoms
  A kobold brigand (Sewer)
  A wight (Sewer)
  3 killer bees (D:4)
  A jelly (D:4)
  2 orc priests
  Jessica (D:2)
  Natasha (D:4)
  2 orc wizards
  Terence (D:2)
  Robin (D:2)
  8 gnolls
  5 adders
  A river rat (D:3)
  5 shadow imps (Sewer)
  3 ufetubi (Sewer)
  3 worms
  2 dart slugs (D:3)
  4 orcs
  5 bats
  4 endoplasms
  3 giant cockroaches
  12 goblins
  12 hobgoblins
  5 quokkas
  7 ball pythons
  A frilled lizard (D:3)
  A giant cockroach zombie (Sewer)
  16 kobolds
  A kobold zombie (Sewer)
  4 rats
120 creatures vanquished.

Notes
Turn   | Place    | Note
-------+----------+-------------------------------------------
     0 | D:1      | dolemite99 the Gnoll Earth Elementalist began the quest for
                  | the Orb.
     0 | D:1      | Reached XP level 1. HP: 13/13 MP: 6/6
   706 | D:1      | Reached XP level 2. HP: 19/19 MP: 5/7
   902 | D:1      | Found a faded altar of an unknown god.
   915 | D:1      | Prayed at the altar of an unknown god.
   915 | D:1      | Became a worshipper of Sif Muna the Loreminder
   915 | D:1      | Reached * piety under Sif Muna
   981 | D:2      | Reached XP level 3. HP: 19/25 MP: 2/9
  1119 | D:2      | Reached skill level 5 in Spellcasting
  1629 | D:2      | Learned a level 3 spell: Stone Arrow
  1632 | D:2      | Learned a level 2 spell: Passwall
  1638 | D:2      | Found Tuacw's Book Shoppe.
  1650 | D:2      | Reached skill level 1 in Invocations
  1815 | D:2      | Noticed Jessica
  1888 | D:2      | Reached skill level 1 in Fighting
  1888 | D:2      | Reached skill level 1 in Short Blades
  1888 | D:2      | Reached skill level 1 in Long Blades
  1888 | D:2      | Reached skill level 1 in Axes
  1888 | D:2      | Reached skill level 1 in Maces & Flails
  1888 | D:2      | Reached skill level 1 in Polearms
  1888 | D:2      | Reached skill level 1 in Staves
  1888 | D:2      | Reached skill level 1 in Slings
  1888 | D:2      | Reached skill level 1 in Bows
  1888 | D:2      | Reached skill level 1 in Crossbows
  1888 | D:2      | Reached skill level 1 in Throwing
  1888 | D:2      | Reached skill level 1 in Armour
  1888 | D:2      | Reached skill level 1 in Shields
  1888 | D:2      | Reached skill level 1 in Unarmed Combat
  1888 | D:2      | Reached skill level 1 in Evocations
  1891 | D:2      | Reached XP level 4. HP: 23/32 MP: 6/11
  2070 | D:2      | Noticed Terence
  2089 | D:2      | Killed Jessica
  2090 | D:2      | Reached skill level 1 in Conjurations
  2090 | D:2      | Reached skill level 1 in Hexes
  2090 | D:2      | Reached skill level 1 in Summonings
  2090 | D:2      | Reached skill level 1 in Necromancy
  2090 | D:2      | Reached skill level 1 in Translocations
  2090 | D:2      | Reached skill level 1 in Fire Magic
  2090 | D:2      | Reached skill level 1 in Ice Magic
  2090 | D:2      | Reached skill level 1 in Air Magic
  2090 | D:2      | Reached skill level 1 in Poison Magic
  2096 | D:2      | Killed Terence
  2097 | D:2      | Reached XP level 5. HP: 22/37 MP: 0/12
  2400 | D:2      | Identified the +0 helmet "Tahe" {rN+ Int+5}
  2400 | D:2      | Noticed Robin
  2421 | D:2      | Reached ** piety under Sif Muna
  2423 | D:2      | Killed Robin
  3006 | D:2      | Found a burning altar of Makhleb.
  3609 | D:3      | Reached XP level 6. HP: 39/44 MP: 8/13
  3778 | D:3      | Noticed Sigmund
  3788 | D:3      | Killed Sigmund
  3789 | D:3      | Reached skill level 5 in Dodging
  3952 | D:3      | Noticed Grinder
  3961 | D:3      | Killed Grinder
  3962 | D:3      | Reached XP level 7. HP: 51/51 MP: 15/15
  4072 | D:3      | Found a glowing drain.
  4086 | Sewer    | Entered a sewer
  4470 | Sewer    | Reached skill level 5 in Stealth
  4478 | Sewer    | Identified the +1 leather armour of Autumn {*Corrode Str-2
                  | Int+9 Dex+4}
  4484 | Sewer    | Reached *** piety under Sif Muna
  4618 | Sewer    | Reached XP level 8. HP: 48/57 MP: 16/16
  4676 | Sewer    | Found an ancient bone altar of Kikubaaqudgha.
  4966 | D:3      | Found a stormy altar of Qazlal.
  5057 | D:4      | Found Ireots's Book Boutique.
  5074 | D:4      | Noticed Natasha
  5084 | D:4      | Killed Natasha
  5637 | D:4      | Found Ukuika's Weapon Emporium.
  5665 | D:4      | Bought 5 poisoned darts for 26 gold pieces
  5665 | D:4      | Bought a +0 dagger of venom for 57 gold pieces
  6118 | D:4      | Noticed Edmund
  6133 | D:4      | Slain by Edmund

Illustrated notes

Levels and vault maps discovered:
D:1:      roderic_chinese_lattice_arrival, layout_basic,
          hellmonk_ecumenical_altar_run_dry, grunt_decor_cap
D:2:      layout_basic, basic_altar, serial_shops, shop, uniq_jessica,
          uniq_robin, uniq_terence
D:3:      layout_rooms, lemuel_doored_altar, cheibrodos_sewer_entry_sluice,
          uniq_grinder, uniq_sigmund
D:4:      layout_cave_pods, serial_shops, nicolae_shop_waterfront,
          nicolae_shop_statue_plus, kennysheep_mini, dreamdust_princess_bridge,
          uniq_edmund, uniq_ijyb, uniq_natasha

Skill      XL: |  1  2  3  4  5  6  7  8 |
---------------+-------------------------+-----
Transmutations | 2 3 |  3.5
Spellcasting   | 5 6 |  6.1
Invocations    | 1 2 3 |  3.6
Fighting       | 1 2 3 |  3.3
Short Blades   | 1 2 3 |  3.3
Long Blades    | 1 2 3 |  3.3
Axes           | 1 2 3 |  3.3
Maces & Flails | 1 2 3 |  3.3
Polearms       | 1 2 3 |  3.3
Staves         | 1 2 3 |  3.3
Slings         | 1 2 3 |  3.3
Bows           | 1 2 3 |  3.3
Crossbows      | 1 2 3 |  3.3
Throwing       | 1 2 3 |  3.3
Armour         | 1 2 3 |  3.3
Shields        | 1 2 3 |  3.3
Unarmed Combat | 1 2 3 |  3.3
Evocations     | 1 2 3 |  3.3
Conjurations   | 1 2 |  2.7
Hexes          | 1 2 |  2.7
Summonings     | 1 2 |  2.7
Necromancy     | 1 2 |  2.7
Translocations | 1 2 |  2.7
Fire Magic     | 1 2 |  2.7
Ice Magic      | 1 2 |  2.7
Air Magic      | 1 2 |  2.7
Poison Magic   | 1 2 |  2.7
Dodging        | 5 |  5.7
Stealth        | 5 |  5.4
Earth Magic    | 6 |  6.1

Action                   |  1- 3 |  4- 6 |  7- 9 || total
-------------------------+-------+-------+-------++-------
Melee: Unarmed           |     3 |       |       ||     3
       Spear             |       |    38 |    46 ||    84
       Bite              |       |     4 |     8 ||    12
       Dagger            |       |       |     5 ||     5
 Fire: Hand crossbow     |       |       |    60 ||    60
 Cast: Sandblast         |    37 |    16 |    19 ||    72
       Stone Arrow       |       |    29 |    44 ||    73
Invok: Channel Magic     |       |     1 |       ||     1
  Use: Potion            |       |     4 |       ||     4
       Scroll            |       |     2 |     7 ||     9
 Stab: Sleeping          |       |     1 |       ||     1
Armor: Robe              |     1 |       |       ||     1
       Leather armour    |     1 |    14 |    33 ||    48
Dodge: Dodged            |    12 |    43 |    91 ||   146

Table legend: (Time is in decaauts)
 A = Elapsed time spent in this place.
 B = Non-inter-level travel time spent in this place.
 C = Inter-level travel time spent in this place.
 D = Time resting spent in this place.
 E = Time spent auto-exploring this place.
 F = Levels seen in this place.
 G = Mean time per level.
                   A        B        C        D        E       F      G
               +--------+--------+--------+--------+--------+-----+--------+
         Total |   6161 |   6029 |    132 |   2249 |   2640 |   5 | 1232.2 |
       Dungeon |   5366 |   5234 |    132 |   2075 |   2290 |   4 | 1341.5 |
         Sewer |    794 |    794 |      0 |    174 |    350 |   1 |  794.0 |
               +--------+--------+--------+--------+--------+-----+--------+

Top non-repeatable levels by time:
     D:2: 2562 daAuts
     D:4: 969 daAuts
     D:1: 942 daAuts
     D:3: 893 daAuts
   Sewer: 794 daAuts
